 Dungeon Crawl Stone Soup version 0.31-a0-426-g3a05650e59 (webtiles) character file.

Game seed: 7750077491738380869

415 cforsyth the Charlatan (level 6, -4/47 HPs)
             Began as a Gnoll Artificer on July 30, 2023.
             Slain by Duvessa
             ... wielding a +0 short sword
              (5 damage)
             ... on level 4 of the Dungeon.
             The game lasted 00:07:51 (3891 turns).

cforsyth the Charlatan (Gnoll Artificer)            Turns: 3891, Time: 00:07:52

Health: -4/47      AC: 18    Str: 13    XL:     6   Next: 92%
Magic:  9/9        EV:  7    Int: 10    God:
Gold:   220        SH:  0    Dex: 13    Spells: 9/9 levels left

rFire   . . .        y - +0 dagger (protect)
rCold   . . .        (no shield)
rNeg    . . .        q - +0 chain mail
rPois   .            k - +0 helmet
rElec   .            (no cloak)
rCorr   .            (no gloves)
SInv    .            (no boots)
Will    .....        (no amulet) Stlth
                     (no ring)
HPRegen 0.27/turn    (no ring)
MPRegen 0.11/turn

%: no passive effects
@: under a protective aura
A: fangs 1, strong nose, distributed training
a: no special abilities


You were on level 4 of the Dungeon.
You visited 1 branch of the dungeon, and saw 4 of its levels.

You collected 220 gold pieces.

Inventory:

Hand Weapons
 a - a +0 club
 y - a +0 dagger of protection (weapon)
Missiles
 C - 4 poisoned darts
Armour
 b - a +0 leather armour
 k - a +0 helmet (worn)
 q - a +0 chain mail (worn)
 v - a +1 hat
Jewellery
 w - a ring of fire
Wands
 d - a wand of charming (13)
Scrolls
 g - 2 scrolls of immolation
 m - 4 scrolls of teleportation {unknown}
 n - a scroll of acquirement {unknown}
 r - a scroll of enchant armour {unknown}
 s - 2 scrolls of torment {unknown}
 u - 5 scrolls of identify {unknown}
 x - 2 scrolls of fear {unknown}
 A - a scroll of butterflies {unknown}
 B - a scroll of vulnerability {unknown}
Potions
 f - a potion of ambrosia {unknown}
 h - a potion of attraction {unknown}
 i - 2 potions of brilliance {unknown}
 j - a potion of cancellation {unknown}
 l - 3 potions of enlightenment {unknown}
 o - a potion of berserk rage {unknown}
 p - a potion of heal wounds {unknown}
 t - a potion of invisibility {unknown}
 z - a potion of might {unknown}


   Skills:
 + Level 3.4 Fighting
 + Level 2.2 Short Blades
 + Level 2.2 Long Blades
 + Level 2.2 Axes
 + Level 2.2 Maces & Flails
 + Level 2.2 Polearms
 + Level 2.2 Staves
 + Level 2.2 Ranged Weapons
 + Level 2.2 Throwing
 + Level 5.1 Armour
 + Level 3.4 Dodging
 + Level 3.2 Stealth
 + Level 2.2 Shields
 + Level 2.2 Unarmed Combat
 + Level 2.2 Spellcasting
 + Level 1.8 Conjurations
 + Level 1.8 Hexes
 + Level 1.8 Summonings
 + Level 1.8 Necromancy
 + Level 1.8 Translocations
 + Level 1.8 Transmutations
 + Level 1.8 Fire Magic
 + Level 1.8 Ice Magic
 + Level 1.8 Air Magic
 + Level 1.8 Earth Magic
 + Level 1.8 Poison Magic
 + Level 2.4 Invocations
 + Level 6.9 Evocations
 + Level 1.8 Shapeshifting


You had 9 spell levels left.
You didn't know any spells.
Your spell library contained the following spells:

 Spells                   Type           Power      Damage    Failure   Level
 Sandblast                Erth           8%         2d5       94%         1
 Passwall                 Tmut/Erth      3%         N/A       98%         2
 Stone Arrow              Conj/Erth      8%         3d7       100%        3


Dungeon Overview and Level Annotations

Branches:
Dungeon (4/15)
 Temple: D:4-7

Altars:
Cheibriados
Nemelex Xobeh
The Shining One

Annotations:
D:1 Terence
D:4 Duvessa


Innate Abilities, Weirdness & Mutations

You have very sharp teeth.
Your uncanny sense of smell can sniff out nearby items.
Your experience applies equally to all skills.


Message History

The puff of flame hits Duvessa.
Duvessa is severely wounded.
Duvessa hits you with a +0 short sword. Duvessa closely misses you.
The puff of flame hits Duvessa but does no damage.
Duvessa is severely wounded.
Duvessa hits you with a +0 short sword.
The puff of flame hits Duvessa.
Duvessa is almost dead.
Duvessa completely misses you. Duvessa hits you but does no damage.
The puff of flame hits Duvessa.
Duvessa is almost dead.
The now-empty wand crumbles to dust.
Duvessa hits you with a +0 short sword.
Nothing quivered!
Nothing quivered!
Nothing quivered!
Nothing quivered!
Okay, then.
Unknown command.
You barely miss Duvessa.
Duvessa is almost dead.
Duvessa hits you with a +0 short sword! x2
You closely miss Duvessa. You bite Duvessa, but do no damage.
Duvessa is almost dead.
Duvessa hits you with a +0 short sword.
You hit Duvessa but do no damage.
Your weapon exudes an aura of protection.
Duvessa is almost dead.
Duvessa hits you with a +0 short sword.
You hit Duvessa but do no damage. You punch Duvessa, but do no damage.
Duvessa is almost dead.
Duvessa hits you but does no damage. Duvessa hits you with a +0 short sword!
* * * LOW HITPOINT WARNING * * *
You hit Duvessa but do no damage.
Duvessa is almost dead.
Duvessa hits you with a +0 short sword!
* * * LOW HITPOINT WARNING * * *
You hit Duvessa but do no damage.
Duvessa is almost dead.
Duvessa hits you with a +0 short sword.
You die...

..............# ##..
##...........##. .. #. ###
#####...#...... .# ##. ####
#.#.<.#....#.# 8. #####...
#.#...# ##...# #. #.......
##.#.### #..# #'##.......
####....# #..## #..........
##..<..#.# ##e..## ##.........
#..###.#.# #.@#..# #.##'###).
#.## #...# ##.###.# #.#....#..
#.####.#.# #..# #.# #.#....#..
..#....#.# ##.## #.# #.#....#)#
###.##.#.# ##..####.####.#.)..#.#
....##.#.###..###........#....#.#
....##.#..##.## #........######.#
.............####...............#
##.....##.................####.##


You could see Duvessa (berserk).

Vanquished Creatures
  Sigmund (D:2)
  Dowan (D:4)
  A hound (D:4)
  Natasha (twice) (D:3)
  An iguana (D:4)
  3 adders
  A worm (D:4)
  3 dart slugs
  3 orcs (D:3)
  8 ball pythons
  4 endoplasms
  3 giant cockroaches
  5 goblins
  5 hobgoblins
  4 quokkas
  6 bats
  15 frilled lizards
  3 kobolds
  4 rats
73 creatures vanquished.

Vanquished Creatures (collateral kills)
  A hobgoblin (D:3)
  A kobold (D:3)
2 creatures vanquished.

Grand Total: 75 creatures vanquished

Notes
Turn   | Place    | Note
-------+----------+-------------------------------------------
     0 | D:1      | cforsyth the Gnoll Artificer began the quest for the Orb.
     0 | D:1      | Reached XP level 1. HP: 17/17 MP: 1/1
   232 | D:1      | Reached XP level 2. HP: 22/23 MP: 2/2
   513 | D:1      | You fall into a shaft and drop 1 floor!
   949 | D:1      | Reached XP level 3. HP: 16/28 MP: 3/3
  1469 | D:2      | Reached skill level 1 in Invocations
  1642 | D:2      | Noticed Sigmund
  1660 | D:2      | Killed Sigmund
  1661 | D:2      | Reached skill level 1 in Short Blades
  1661 | D:2      | Reached skill level 1 in Long Blades
  1661 | D:2      | Reached skill level 1 in Axes
  1661 | D:2      | Reached skill level 1 in Maces & Flails
  1661 | D:2      | Reached skill level 1 in Polearms
  1661 | D:2      | Reached skill level 1 in Staves
  1661 | D:2      | Reached skill level 1 in Ranged Weapons
  1661 | D:2      | Reached skill level 1 in Throwing
  1661 | D:2      | Reached skill level 1 in Shields
  1661 | D:2      | Reached skill level 1 in Unarmed Combat
  1661 | D:2      | Reached skill level 1 in Spellcasting
  1661 | D:2      | Reached skill level 1 in Conjurations
  1661 | D:2      | Reached skill level 1 in Hexes
  1661 | D:2      | Reached skill level 1 in Summonings
  1661 | D:2      | Reached skill level 1 in Necromancy
  1661 | D:2      | Reached skill level 1 in Translocations
  1661 | D:2      | Reached skill level 1 in Transmutations
  1661 | D:2      | Reached skill level 1 in Fire Magic
  1661 | D:2      | Reached skill level 1 in Ice Magic
  1661 | D:2      | Reached skill level 1 in Air Magic
  1661 | D:2      | Reached skill level 1 in Earth Magic
  1661 | D:2      | Reached skill level 1 in Poison Magic
  1661 | D:2      | Reached skill level 1 in Shapeshifting
  1661 | D:2      | Reached XP level 4. HP: 22/35 MP: 4/6
  1661 | D:2      | Reached XP level 5. HP: 25/41 MP: 4/7
  1684 | D:2      | Noticed Terence
  1969 | D:2      | Found a faded altar of an unknown god.
  2022 | D:3      | Found a glowing golden altar of the Shining One.
  2436 | D:3      | Reached XP level 6. HP: 46/47 MP: 8/8
  2482 | D:3      | Found a snail-covered altar of Cheibriados.
  2645 | D:3      | Noticed Natasha
  2654 | D:3      | Killed Natasha
  2958 | D:3      | Noticed Natasha
  2970 | D:3      | Killed Natasha
  2971 | D:3      | Reached skill level 5 in Armour
  3443 | D:4      | Noticed Dowan
  3444 | D:4      | Noticed Duvessa
  3449 | D:4      | Killed Dowan
  3648 | D:4      | Found a sparkling altar of Nemelex Xobeh.
  3890 | D:4      | HP: 1/47 [Duvessa/+0 short sword (8)]
  3891 | D:4      | Slain by Duvessa

Illustrated notes

Levels and vault maps discovered:
D:1:      dpeg_arrival_circle_labyrinth_b, layout_loops_corners
D:2:      layout_basic, hellmonk_ecumenical_altar_blasted, uniq_sigmund,
          uniq_terence
D:3:      layout_basic, overflow_temple_1_default,
          mainiacjoe_overflow_concentric_impassable, hangedman_decor_lopped,
          minmay_lizard_king, uniq_natasha
D:4:      layout_rooms, nicolae_wu_jian_glorious_leap, old_standard_altar,
          dk_noncrumbling_2, nrook_mini_vaults, uniq_duvessa

Skill      XL: |  1  2  3  4  5  6 |
---------------+-------------------+-----
Invocations    | 1 2 |  2.4
Fighting       | 3 |  3.4
Short Blades   | 1 2 |  2.2
Long Blades    | 1 2 |  2.2
Axes           | 1 2 |  2.2
Maces & Flails | 1 2 |  2.2
Polearms       | 1 2 |  2.2
Staves         | 1 2 |  2.2
Ranged Weapons | 1 2 |  2.2
Throwing       | 1 2 |  2.2
Dodging        | 3 |  3.4
Shields        | 1 2 |  2.2
Unarmed Combat | 1 2 |  2.2
Spellcasting   | 1 2 |  2.2
Conjurations   | 1 |  1.8
Hexes          | 1 |  1.8
Summonings     | 1 |  1.8
Necromancy     | 1 |  1.8
Translocations | 1 |  1.8
Transmutations | 1 |  1.8
Fire Magic     | 1 |  1.8
Ice Magic      | 1 |  1.8
Air Magic      | 1 |  1.8
Earth Magic    | 1 |  1.8
Poison Magic   | 1 |  1.8
Shapeshifting  | 1 |  1.8
Stealth        | 3 |  3.2
Armour         | 5 |  5.1
Evocations     | |  6.9

Action                     |  1- 3 |  4- 6 || total
---------------------------+-------+-------++-------
  Melee: Club              |   144 |   238 ||   382
         Bite              |    11 |    23 ||    34
         Punch             |       |     4 ||     4
         Dagger            |       |     6 ||     6
  Evoke: Wand              |     2 |    20 ||    22
   Stab: Sleeping          |     2 |       ||     2
 Armour: Leather armour    |    48 |       ||    48
         Chain mail        |    36 |   201 ||   237
  Dodge: Dodged            |    93 |   102 ||   195

Table legend: (Time is in decaauts)
 A = Elapsed time spent in this place.
 B = Non-inter-level travel time spent in this place.
 C = Inter-level travel time spent in this place.
 D = Time resting spent in this place.
 E = Time spent auto-exploring this place.
 F = Levels seen in this place.
 G = Mean time per level.
                   A        B        C        D        E       F      G
               +--------+--------+--------+--------+--------+-----+--------+
         Total |   3977 |   3858 |    119 |    104 |   2655 |   4 |  994.2 |
       Dungeon |   3977 |   3858 |    119 |    104 |   2655 |   4 |  994.2 |
               +--------+--------+--------+--------+--------+-----+--------+

Top non-repeatable levels by time:
     D:1: 1271 daAuts
     D:3: 1161 daAuts
     D:2: 793 daAuts
     D:4: 751 daAuts
